 Dungeon Crawl Stone Soup version 0.28-a0-1002-gf00fe891ef (webtiles) character file.

Game seed: 1365034869257856557

80 ytrimaz the Insei (level 4, -3/31 HPs)
             Began as an Octopode Chaos Knight on Dec 7, 2021.
             Was a Plaything of Xom.
             Killed by divine providence
             ... invoked by an orc priest
              (9 damage)
             ... on level 3 of the Dungeon.
             The game lasted 00:02:00 (2629 turns).

ytrimaz the Insei (Octopode Chaos Knight)           Turns: 2629, Time: 00:02:00

Health: -3/31      AC:  1    Str: 11    XL:     4   Next: 39%
Magic:  4/4        EV: 13    Int: 16    God:    Xom [......]
Gold:   89         SH:  0    Dex: 11    Spells: 3/3 levels left

rFire   . . .      SeeInvis .     - Unarmed
rCold   . . .      Faith    .   (no shield)
rNeg    . . .      Spirit   .   (helmet restricted)
rPois   .          Reflect  .   (no amulet)
rElec   .          Harm     .   (no ring)
rCorr   .          Rampage  .   (no ring)
Will    .....                   (no ring)
Stlth   ++........              (no ring)
HPRegen 0.10/turn               (no ring)
MPRegen 0.09/turn               (no ring)
                                (no ring)
                                (no ring)

@: confused
A: almost no armour, amphibious, 8 rings, camouflage 1, gelatinous body 1,
(nimble swimmer 1), tentacles
a: Renounce Religion


You were on level 3 of the Dungeon.
You worshipped Xom.
You were a very special plaything of Xom.
You visited 1 branch of the dungeon, and saw 3 of its levels.

You collected 89 gold pieces.

Inventory:

Wands
 d - a wand of flame (23)
 f - a wand of mindburst (14)
Scrolls
 c - 2 scrolls of amnesia
Potions
 b - a potion of might


   Skills:
 + Level 3.4 Fighting
 + Level 2.7 Dodging
 * Level 3.3 Stealth
 + Level 3.7 Unarmed Combat


You had 3 spell levels left.
You didn't know any spells.
Your spell library was empty.

Dungeon Overview and Level Annotations

Branches:
Dungeon (3/15)

Altars:


Innate Abilities, Weirdness & Mutations

You cannot wear most types of armour.
You are amphibious.
You can wear up to eight rings at the same time.
Your skin changes colour to match your surroundings (Stealth+).
Your rubbery body absorbs attacks. (AC +1, EV +1)
((You are camouflaged near water. (Stealth+)))
You have tentacles for arms and can constrict up to eight enemies at once.


Message History

There is an open door here.
There is an open door here.
You see here a jackal corpse.
There is an open door here.
You see here a +0 club.
There is an open door here.
There is a stone staircase leading down here.
You climb downwards.
Found a golden potion.
There is a stone staircase leading up here.
Found a leather armour.
An orc comes into view. It is wielding a +0 club.
An orc is nearby!
An orc is nearby!
An orc priest comes into view. It is wielding a +0 club.
An orc wizard comes into view. It is wielding a +0 dagger.
The orc shouts!
The orc wizard shouts!
The orc priest shouts!
An orc wizard comes into view. It is wielding a +0 dagger.
The orc wizard shouts!
Unknown command.
The orc wizard mumbles some strange words.
The orc wizard flickers and vanishes!
Deactivating autopickup; reactivate with Ctrl-A.
The orc priest invokes the aid of Beogh against you.
Beogh smites you!
A magic dart appears from out of thin air!
The magic dart hits you! The orc wizard casts a spell at you.
The magic dart hits you!
* * * LOW HITPOINT WARNING * * *
There is a stone staircase leading up here.
You hear some strange, mumbled words.
You are confused.
In your confused state, you trip and fall back down the stairs.
* * * LOW HITPOINT WARNING * * *
Xom thinks this is hilarious!
The orc priest mumbles some strange prayers to Beogh against you.
Beogh smites you!
You die...
Xom bursts into laughter!

#.#### #.#.. ....#
###...# #.....####
#.#......# #
#.#....#.#
#..###.#@.#.#.###
........{.......###.
.....#..o...#..!....
......#.......[.#
.......oo.....###
.##≈.......####
#≈≈.#.##.####
#≈..........#
##.#.≈≈≈.##.#


You could see an orc priest, an orc wizard and an orc.

Vanquished Creatures
  Jessica (D:2)
  2 adders (D:2)
  An orc (D:2)
  2 bats
  4 endoplasms
  2 giant cockroaches (D:1)
  2 hobgoblins
  3 jackals (D:2)
  4 kobolds
  3 quokkas
  2 ball pythons (D:1)
  2 frilled lizards (D:2)
  2 goblins (D:2)
  4 rats (D:1)
34 creatures vanquished.

Notes
Turn   | Place    | Note
-------+----------+-------------------------------------------
     0 | D:1      | ytrimaz the Octopode Chaos Knight began the quest for the
                  | Orb.
     0 | D:1      | Reached XP level 1. HP: 16/16 MP: 1/1
   281 | D:1      | XOM: silly message
   389 | D:1      | XOM: silly message
   563 | D:1      | Reached XP level 2. HP: 21/21 MP: 2/2
   729 | D:1      | Reached skill level 1 in Stealth
  1359 | D:2      | XOM: stealth player
  1363 | D:2      | Noticed Jessica
  1368 | D:2      | Killed Jessica
  1369 | D:2      | Reached XP level 3. HP: 12/26 MP: 3/3
  1585 | D:2      | XOM: cloud trail
  1646 | D:2      | XOM is BORED!
  1646 | D:2      | XOM: noise
  1804 | D:2      | XOM: smoke on damage
  1807 | D:2      | Reached XP level 4. HP: 26/31 MP: 4/4
  1919 | D:2      | XOM: god gift: poisoned dart
  2252 | D:2      | XOM: 3-stop teleportation journey
  2629 | D:3      | Killed from afar by an orc priest

Illustrated notes

Levels and vault maps discovered:
D:1:      dpeg_arrival_tiny_g, layout_loops_corners
D:2:      minmay_chambers_of_ones, layout_loops_ring, minmay_misc_feat_plants,
          uniq_jessica
D:3:      wander_river, layout_basic, serial_rivers,
          chequers_serial_rivers_small_b, chequers_serial_rivers_large_a,
          chequers_serial_rivers_small_a, chequers_serial_rivers_small_b,
          chequers_serial_rivers_small_a, ebering_ecumenical_altar_mist,
          uniq_sigmund

Skill      XL: |  1  2  3  4 |
---------------+-------------+-----
Stealth        | 2 3 |  3.3
Fighting       | |  3.4
Dodging        | |  2.7
Unarmed Combat | |  3.7

Action                   |  1- 3 |  4- 6 || total
-------------------------+-------+-------++-------
Melee: Unarmed           |    52 |    25 ||    77
       Constrict         |    12 |     5 ||    17
       Tentacles         |     9 |     4 ||    13
       Punch             |     2 |       ||     2
  Use: Scroll            |     3 |     2 ||     5
 Stab: Sleeping          |     8 |     6 ||    14
Armor: Skin              |     2 |     1 ||     3
Dodge: Dodged            |    28 |     7 ||    35

Table legend: (Time is in decaauts)
 A = Elapsed time spent in this place.
 B = Non-inter-level travel time spent in this place.
 C = Inter-level travel time spent in this place.
 D = Time resting spent in this place.
 E = Time spent auto-exploring this place.
 F = Levels seen in this place.
 G = Mean time per level.
                   A        B        C        D        E       F      G
               +--------+--------+--------+--------+--------+-----+--------+
         Total |   2623 |   2551 |     72 |    231 |   2007 |   3 |  874.3 |
       Dungeon |   2623 |   2551 |     72 |    231 |   2007 |   3 |  874.3 |
               +--------+--------+--------+--------+--------+-----+--------+

Top non-repeatable levels by time:
     D:1: 1356 daAuts
     D:2: 1249 daAuts
     D:3: 17 daAuts
